 Dungeon Crawl Stone Soup version 0.19-a0-1920-g83281cb (webtiles) character file.

38 spe3d0 the Poker (level 3, -3/29 HPs)
             Began as a Demonspawn Chaos Knight on Oct 24, 2016.
             Slain by a shadow (7 damage)
             ... summoned by the capriciousness of Xom
             ... on level 1 of the Dungeon.
             The game lasted 00:02:26 (328 turns).

spe3d0 the Poker (Demonspawn Chaos Knight)           Turns: 328, Time: 00:02:26

Health: -3/29      AC:  5    Str: 13    XL:     3   Next: 25%
Magic:  3/3        EV: 11    Int: 13    God:    Xom [*.....]
Gold:   0          SH:  0    Dex: 12    Spells: 0 memorised, 2 levels left

rFire  . . .     SeeInvis .     a - +0 spear (chaos)
rCold  . . .     Gourm    .     b - +2 leather armour
rNeg   . . .     Faith    .     (no shield)
rPois  .         Spirit   .     (helmet restricted)
rElec  .         Reflect  .     (no cloak)
rCorr  .         Harm     .     (no gloves)
MR     .....                    (no boots)
Stlth  +.........               (no amulet)
                                (no ring)
                                (no ring)

@: no status effects
A: horns 1, blurry vision 1
a: Renounce Religion


You were on level 1 of the Dungeon.
You worshipped Xom.
You were a special plaything of Xom.
You were not hungry.

You visited 1 branch of the dungeon, and saw 1 of its levels.

Inventory:

Hand Weapons
 a - a +0 spear of chaos (weapon)
Armour
 b - a +2 leather armour (worn)
Scrolls
 e - a scroll of amnesia
Comestibles
 c - 2 bread rations


   Skills:
 - Level 3.0 Fighting
 * Level 3.3 Polearms
 * Level 2.7 Armour
 - Level 0.8 Dodging


You had 2 spell levels left.
You didn't know any spells.

Dungeon Overview and Level Annotations

Branches:
Dungeon (1/15)

Altars:


Innate Abilities, Weirdness & Mutations

You have a pair of small horns on your head.
Scrolls take you a little longer to read.


Message History

You open the door.
A rat comes into view.
Attack whom?
Press: ? - help, Dir - move target cursor, f - rat
Aim: a rat (hasn't noticed you)
You reach to attack!
You completely miss the rat. You hit the rat. You freeze the rat.
You kill the rat!
HP restored.
Xom's attention turns to you for a moment.
Flickering shadows surround you.
There are monsters nearby!
You barely miss the shadow. Your headbutt misses the shadow.
The shadow hits you. x2
You hit the shadow but do no damage. You hit the shadow.
The shadow convulses.
You headbutt the shadow, but do no damage.
The shadow is lightly damaged.
The shadow slips into darkness.
The shadow flickers and vanishes!
Deactivating autopickup; reactivate with Ctrl-A.
The shadow misses you.
A shadow is nearby!
You hit the shadow but do no damage.
The shadow strikes at you from the darkness!
Reactivating autopickup.
The shadow hits you.
You hit the shadow but do no damage. You headbutt the shadow.
The shadow is moderately damaged.
The shadow hits you!
* * * LOW HITPOINT WARNING * * *
The shadow hits you.
You closely miss the shadow.
The shadow is moderately damaged.
The shadow hits you!
* * * LOW HITPOINT WARNING * * *
The shadow slips into darkness.
The shadow flickers and vanishes!
Deactivating autopickup; reactivate with Ctrl-A.
You are too injured to fight recklessly!
You are too injured to fight recklessly!
You are too injured to fight recklessly!
You are too injured to fight recklessly!
You are too injured to fight recklessly!
You are too injured to fight recklessly!
You barely miss the shadow. You headbutt the shadow.
The shadow is moderately damaged.
The shadow closely misses you.
The shadow strikes at you from the darkness!
You die...

.##############..........)....#
.####### ###........#.†...(#
.......# #..........#......#
##†....# #.##.##############
#.....# ##+##.###### #.....#
#..........#
#.....#####†....####.#
#.........)..........#
#....######†..W@###### #....#
#...{.#### #....# #.....##.###
###### #.....#....#
#####.....##.#.#
#.........####.#
#.####....†....#
#..............#
#..#'#'#†#†#†#.#


You could see a shadow.

Vanquished Creatures
  An ooze (D:1)
  A dart slug (D:1)
  4 goblins (D:1)
  A hobgoblin (D:1)
  7 jackals (D:1)
  5 bats (D:1)
  A frilled lizard (D:1)
  12 rats (D:1)
32 creatures vanquished.

Notes
Turn   | Place    | Note
-------+----------+-------------------------------------------
     0 | D:1      | spe3d0 the Demonspawn Chaos Knight began the quest for the Orb.
     0 | D:1      | Reached XP level 1. HP: 18/18 MP: 1/1
    77 | D:1      | XOM: silly message
    81 | D:1      | Reached skill level 2 in Armour
   120 | D:1      | Reached skill level 3 in Polearms
   146 | D:1      | Gained mutation: You have a pair of small horns on your head. [demonic ancestry]
   146 | D:1      | Reached XP level 2. HP: 20/24 MP: 2/2
   229 | D:1      | Reached XP level 3. HP: 21/29 MP: 3/3
   301 | D:1      | XOM: give mutation
   301 | D:1      | Gained mutation: Scrolls take you a little longer to read. [Xom's mischief]
   321 | D:1      | XOM: medium Necr miscast
   322 | D:1      | Noticed a shadow
   322 | D:1      | Noticed a shadow
   326 | D:1      | HP: 11/29 [shadow[the capriciousness of Xom] (7)]
   327 | D:1      | HP: 3/29 [shadow[the capriciousness of Xom] (8)]
   328 | D:1      | Slain by a shadow

Vault maps used:
D:1:      nagdon_arrival_double_spiral, minmay_rat_gold_closets

Skill      XL: |  1 |
---------------+----+-----
Armour         | 2 |  2.7
Polearms       | 3 |  3.3
Fighting       | |  3.0
Dodging        | |  0.8

Action                   || total
-------------------------++-------
Melee: Spear             ||    81
       Headbutt          ||     8
  Use: Scroll            ||     1
 Stab: Petrified         ||     1
       Sleeping          ||     4
Armor: Leather armour    ||    30
Dodge: Dodged            ||    51
